 Dungeon Crawl Stone Soup version 0.31.0-9-g3a7656b989 (webtiles) character file.

Game seed: 17456936723858848215

924 qw the Skirmisher (level 7, 0/30 (35) HPs)
             Began as a Spriggan Hunter on Feb 2, 2024.
             Was an Initiate of Okawaru.
             Slain by Edmund
             ... wielding a +2 flail of draining
              (3 damage)
             ... on level 5 of the Dungeon.
             The game lasted 00:00:16 (3854 turns).

qw the Skirmisher (Spriggan Hunter)                 Turns: 3854, Time: 00:00:16

HP:   0/30 (35)     AC:  2    Str:  7    XL:     7   Next: 84%
MP:   8/8           EV: 23    Int: 10    God:    Okawaru [......]
Gold: 281           SH:  0    Dex: 21    Spells: 6/6 levels left

rFire   . . .        a - +1 shortbow
rCold   . . .        (shield currently unavailable)
rNeg    . . .        c - +0 robe
rPois   .            (helmet restricted)
rElec   .            (no cloak)
rCorr   .            (gloves unavailable)
SInv    +            (boots unavailable)
Will    +....        (no amulet)
Stlth   ++           i - +4 ring of slaying {mikee}
HPRegen 0.25/turn    (no ring)
MPRegen 0.11/turn

%: no passive effects
@: heavily drained, very quick
A: very small, no large weapons, unfitting armour, see invisible, speed 3
a: Renounce Religion


You were on level 5 of the Dungeon.
You worshipped Okawaru.
Okawaru was noncommittal.
You visited 2 branches of the dungeon, and saw 6 of its levels.

You collected 281 gold pieces.


Innate Abilities, Weirdness & Mutations

You are very small and have problems with some larger weapons.
You are too small for most types of armour.
You have supernaturally acute eyesight. (SInv)
You cover ground extremely quickly. (Speed+++)


   Skills:
 - Level 2.0 Fighting
 - Level 8.1 Ranged Weapons
 + Level 7.6 Dodging
 - Level 1.5 Stealth


You had 6 spell levels left.
You didn't know any spells.
Your spell library was empty.

Inventory:

Hand Weapons
 a - a +1 shortbow (weapon)
Armour
 c - a +0 robe (worn)
Jewellery
 i - a +4 ring of slaying (left hand) {mikee}
Wands
 b - a wand of polymorph (7)
Scrolls
 f - a scroll of enchant armour {unknown}
Potions
 d - a potion of curing {unknown}
 e - a potion of enlightenment
 g - 2 potions of mutation {unknown}

Dungeon Overview and Level Annotations

Branches:
Dungeon (5/15)             Temple (1/1) D:4

Altars:
Cheibriados
Dithmenos
Fedhas
Gozag
Kikubaaqudgha
Makhleb
Nemelex Xobeh
Okawaru
Qazlal
Sif Muna
Uskayaw
Vehumet
Wu Jian
Xom
The Shining One

Shops:
D:3 [

Annotations:
D:2 1 runed translucent door, Crazy Yiuf
D:5 Edmund


Message History

You shoot an arrow. The arrow hits Edmund.
Edmund shouts!
Edmund is lightly wounded.
You shoot an arrow. The arrow hits Edmund!
Edmund is heavily wounded.
You shoot an arrow. The arrow hits Edmund!
Edmund is heavily wounded.
You shoot an arrow. The arrow hits Edmund.
Edmund is severely wounded.
You shoot an arrow.
The arrow hits Edmund but does no damage.
Edmund is severely wounded.
You shoot an arrow. The arrow barely misses Edmund.
You shoot an arrow.
The arrow hits Edmund but does no damage.
Edmund is severely wounded.
Edmund hits you with a +2 flail of draining!
You feel drained.
You shoot an arrow. The arrow hits Edmund.
Edmund is severely wounded.
Edmund misses you.
You shoot an arrow.
The arrow hits Edmund but does no damage.
Edmund is severely wounded.
Edmund barely misses you.
You shoot an arrow. The arrow hits Edmund.
Edmund is severely wounded.
Edmund hits you with a +2 flail of draining!
You feel drained.
You shoot an arrow.
The arrow hits Edmund but does no damage.
Edmund is severely wounded.
Edmund hits you with a +2 flail of draining.
You feel drained.
You shoot an arrow. The arrow hits Edmund!
Edmund is almost dead.
Edmund hits you with a +2 flail of draining.
You feel drained.
You die...
Edmund whines, "They better pay attention to me now!"

#........?
#.........
#.........
###(........
#...........
.##...........
#.##....@...... ##
##.##...@# #.
...##....# #.
##...#....# #.
....#....# .
#.#####...####.#
.##............#.#
.....#####.###.#.#
...#.#####.###.#.#
###..............#


You could see Edmund.

Vanquished Creatures
  Menkaure (D:4)
  A water moccasin (D:5)
  An ogre (D:4)
  2 phantoms
  Blork the orc (D:4)
  A crimson imp (D:3)
  A hound (D:2)
  2 jellies (D:4)
  An orc priest (D:4)
  A gnoll bouda (D:5)
  Jessica (D:2)
  An orc wizard (D:4)
  4 gnolls (D:5)
  4 adders
  A dart slug (D:5)
  5 orcs (D:4)
  A ball python (D:1)
  6 endoplasms
  3 giant cockroaches
  8 goblins
  6 hobgoblins
  4 jackals (D:4)
  10 kobolds
  A quokka (D:4)
  12 bats
  3 frilled lizards (D:2)
  4 rats
86 creatures vanquished.

Notes
Turn   | Place    | Note
-------+----------+-------------------------------------------
     0 | D:1      | qw the Spriggan Hunter began the quest for the Orb.
     0 | D:1      | Reached XP level 1. HP: 10/10 MP: 2/2
     0 | D:1      | 0 ||| qw: Version: 0.3-a-155-g5e7d8dd
     0 | D:1      | 0 ||| qw: Game counter: 2200
     0 | D:1      | 0 ||| qw: Melee chars always use a shield: true
     0 | D:1      | 0 ||| qw: God list: Okawaru
     0 | D:1      | 0 ||| qw: Allow faded altars: false
     0 | D:1      | 0 ||| qw: Do Orc after clearing Dungeon:15 true
     0 | D:1      | 0 ||| qw: Do second Lair branch before Depths: true
     0 | D:1      | 0 ||| qw: Lair rune preference: random
     0 | D:1      | 0 ||| qw: Goals: Normal
     0 | D:1      | 0 ||| PLANNING D:1-11
    57 | D:1      | Reached skill level 3 in Dodging
   289 | D:1      | Reached XP level 2. HP: 14/14 MP: 3/3
   337 | D:1      | Found a faded altar of an unknown god.
   643 | D:1      | 643 ||| READING scroll labelled FIRUIRPH GOYGHAYKK.
   644 | D:1      | 644 ||| READING scroll labelled YQUORI JUAPRIO.
   745 | D:1      | 745 ||| READING scroll labelled OXTIUH CACEL.
   745 | D:1      | 745 ||| IDENTIFYING lumpy clear potion
   746 | D:1      | 746 ||| DROPPING scroll of butterflies.
   816 | D:2      | HP: 2/14 [hound (3)]
   817 | D:2      | 817 ||| DRINKING potion of heal wounds.
   827 | D:2      | Reached skill level 5 in Ranged Weapons
   827 | D:2      | Reached XP level 3. HP: 6/18 MP: 4/4
   952 | D:2      | Noticed Jessica
   957 | D:2      | Killed Jessica
   958 | D:2      | Reached XP level 4. HP: 21/22 MP: 5/5
  1008 | D:2      | 1008 ||| FLEEEEING.
  1009 | D:2      | 1009 ||| FLEEEEING.
  1012 | D:2      | 1012 ||| FLEEEEING.
  1045 | D:2      | Found an ornate altar of the Wu Jian Council.
  1242 | D:2      | Found a runed translucent door.
  1243 | D:2      | Noticed Crazy Yiuf
  1532 | D:2      | 1532 ||| READING scroll labelled ATITAPPYIHU.
  1598 | D:2      | 1598 ||| READING 3 scrolls labelled YDUETI TELU.
  1699 | D:2      | 1699 ||| READING 2 scrolls labelled XUACHO NEK HEI.
  1700 | D:2      | 1700 ||| DROPPING 2 scrolls of vulnerability.
  1701 | D:2      | 1701 ||| DROPPING scroll of noise.
  1875 | D:3      | Found a burning altar of Makhleb.
  1875 | D:3      | Found a radiant altar of Vehumet.
  1884 | D:3      | Reached XP level 5. HP: 18/26 MP: 6/6
  1931 | D:3      | Found a shadowy altar of Dithmenos.
  1953 | D:3      | Found a shimmering blue altar of Sif Muna.
  2020 | D:3      | Found Rafeec's Armour Shoppe.
  2027 | D:3      | 2027 ||| SHOPLISTING +0 robe of Conscience {rPois rCorr
                  | Str-4 Dex+4} (192 gold, have 157).
  2280 | D:3      | Found an ancient bone altar of Kikubaaqudgha.
  2306 | D:3      | 2306 ||| READING 2 scrolls of identify.
  2306 | D:3      | 2306 ||| IDENTIFYING amethyst potion
  2307 | D:3      | 2307 ||| READING scroll of identify.
  2307 | D:3      | 2307 ||| IDENTIFYING blue potion
  2308 | D:3      | 2308 ||| READING scroll labelled KIDYRR XAKA.
  2309 | D:3      | 2309 ||| DROPPING potion of invisibility.
  2311 | D:3      | 2311 ||| Stepping ~*~*~tactically~*~*~ (cloud).
  2697 | D:4      | Reached skill level 6 in Ranged Weapons
  2711 | D:4      | Noticed a phantom
  2712 | D:4      | 2712 ||| RETREEEEATING.
  2717 | D:4      | Reached XP level 6. HP: 30/30 MP: 7/7
  2731 | D:4      | Reached skill level 6 in Dodging
  2735 | D:4      | Found a stormy altar of Qazlal.
  2796 | D:4      | Found a sparkling altar of Nemelex Xobeh.
  2847 | D:4      | Found a staircase to the Ecumenical Temple.
  2847 | D:4      | Noticed Menkaure
  2848 | D:4      | 2848 ||| PLANNING TEMPLE
  2848 | D:4      | 2848 ||| ZAPPING wand of flame (1) at -7,-1 (Menkaure;
                  | floor).
  2849 | D:4      | 2849 ||| FLEEEEING.
  2850 | D:4      | 2850 ||| FLEEEEING.
  2852 | D:4      | 2852 ||| FLEEEEING.
  2854 | D:4      | 2854 ||| FLEEEEING.
  2857 | D:4      | 2857 ||| FLEEEEING.
  2868 | D:4      | HP: 7/30 [Menkaure/nerve-wracking pain (6)]
  2869 | D:4      | 2869 ||| READING 2 scrolls of teleportation.
  2964 | D:4      | 2964 ||| UPGRADING to +4 ring of slaying {mikee}.
  2965 | D:4      | 2965 ||| READING scroll labelled NIPULA NUVVE.
  2966 | D:4      | 2966 ||| READING scroll labelled SIANISUCVA.
  2966 | D:4      | 2966 ||| ENCHANTING +0 shortbow.
  3014 | D:4      | Killed Menkaure
  3034 | Temple   | Entered the Ecumenical Temple
  3035 | Temple   | 3035 ||| PLANNING OKAWARU WORSHIP
  3046 | Temple   | Became a worshipper of Warmaster Okawaru
  3047 | Temple   | 3047 ||| PLANNING D:1-11
  3076 | D:4      | 3076 ||| FLEEEEING.
  3077 | D:4      | 3077 ||| FLEEEEING.
  3080 | D:4      | 3080 ||| FLEEEEING.
  3082 | D:4      | 3082 ||| FLEEEEING.
  3084 | D:4      | 3084 ||| FLEEEEING.
  3088 | D:4      | Reached XP level 7. HP: 30/35 MP: 8/8
  3136 | D:4      | Reached skill level 7 in Ranged Weapons
  3174 | D:4      | Noticed Blork the orc
  3182 | D:4      | Killed Blork the orc
  3523 | D:5      | Entered Level 5 of the Dungeon
  3544 | D:5      | Reached skill level 8 in Ranged Weapons
  3669 | D:5      | 3669 ||| RETREEEEATING.
  3681 | D:5      | HP: 4/35 [gnoll/+0 spear[a gnoll bouda] (7)]
  3682 | D:5      | 3682 ||| READING scroll of teleportation.
  3842 | D:5      | Noticed Edmund
  3854 | D:5      | HP: 3/31 [Edmund/+2 flail of draining (6)]
  3854 | D:5      | Slain by Edmund

Levels and vault maps discovered:
D:1:      nzn_arrival_depleted_hourglass, layout_basic,
          ebering_ecumenical_altar_rust, chequers_serial_rivers_room_b
D:2:      kennysheep_big_flooded_room, layout_loops_cross, basic_altar,
          nicolae_houndstooth_variations, uniq_crazy_yiuf_cottage, uniq_jessica
D:3:      layout_basic, grunt_temple_overflow_lords_of_destruction,
          grunt_dithmenos_smoke, overflow_temple_1_default,
          nicolae_kikubaaqudgha_miasma_corner, serial_shops,
          nicolae_lakefront_shop
D:4:      layout_basic, nicolae_qazlal_scattered_showers, lemuel_round_altar,
          minmay_temple_entry_grid, serial_rivers,
          chequers_serial_rivers_large_a, chequers_serial_rivers_small_a,
          chequers_serial_rivers_micro_d, chequers_serial_rivers_room_b,
          chequers_serial_rivers_large_b, uniq_blork_the_orc, uniq_menkaure
D:5:      layout_basic, uniq_edmund, uniq_duvessa
Temple:   hellmonk_temple_rainy

Skill      XL: |  1  2  3  4  5  6  7 |
---------------+----------------------+-----
Dodging        | 3 4 5 6 7 |  7.6
Ranged Weapons | 5 6 8 |  8.1
Fighting       | 2 |  2.0
Stealth        | |  1.5

Action                     |  1- 3 |  4- 6 |  7- 9 || total
---------------------------+-------+-------+-------++-------
   Fire: Shortbow          |    70 |   137 |    66 ||   273
  Evoke: Wand              |       |     1 |       ||     1
    Use: Scroll            |     3 |     9 |     1 ||    13
         Potion            |     1 |       |       ||     1
 Armour: Robe              |    12 |     8 |    13 ||    33
  Dodge: Dodged            |    26 |    45 |    35 ||   106

Table legend:
 A = Non-vault XP
 B = Vault XP
 C = Vault XP percentage of total XP
 D = Non-vault monster count
 E = Vault monster count
 F = Vault count percentage of total count
                 A         B        C        D         E       F
            +---------+---------+-------+---------+---------+-------
      Total |     947 |     373 |  28.3 |      80 |       6 |   7.0
            +---------+---------+-------+---------+---------+-------
        D:1 |      33 |       0 |   0.0 |      19 |       0 |   0.0
        D:2 |      77 |      51 |  39.8 |      21 |       3 |  12.5
        D:3 |      38 |      50 |  56.8 |      10 |       1 |   9.1
        D:4 |     442 |     272 |  38.1 |      22 |       2 |   8.3
        D:5 |     357 |       0 |   0.0 |       8 |       0 |   0.0
            +---------+---------+-------+---------+---------+-------
